 Dungeon Crawl Stone Soup version 0.28.0-47-ge53b351184 (webtiles) character file.

Game seed: 9400902131481722403

16 GigaChad the Skirmisher (level 2, -1/27 HPs)
             Began as a Minotaur Berserker on May 6, 2022.
             Was a Follower of Trog.
             Slain by a goblin
             ... wielding a +1 dagger of electrocution
             ... led by Robin
              (4 damage)
             ... on level 2 of the Dungeon.
             The game lasted 00:01:46 (1351 turns).

GigaChad the Skirmisher (Minotaur Berserker)        Turns: 1351, Time: 00:01:47

Health: -1/27      AC:  2    Str: 21    XL:     2   Next: 37%
Magic:  1/1        EV: 12    Int:  4    God:    Trog [*.....]
Gold:   71         SH:  0    Dex:  9    Spells: 1/1 levels left

rFire   . . .      SeeInvis .   a - +0 falchion
rCold   . . .      Faith    .   (no shield)
rNeg    . . .      Spirit   .   b - +0 animal skin
rPois   .          Reflect  .   (helmet restricted)
rElec   .          Harm     .   (no cloak)
rCorr   .          Rampage  .   (no gloves)
Will    .....                   (no boots)
Stlth   +.........              (no amulet)
HPRegen 0.09/turn               (no ring)
MPRegen 0.07/turn               (no ring)

@: no status effects
A: horns 2, retaliatory headbutt
a: Renounce Religion, Berserk


You were on level 2 of the Dungeon.
You worshipped Trog.
Trog was aware of your devotion.
You visited 1 branch of the dungeon, and saw 2 of its levels.

You collected 71 gold pieces.

Inventory:

Hand Weapons
 a - a +0 falchion (weapon)
Armour
 b - a +0 animal skin (worn)
Scrolls
 d - 3 scrolls of silence {unknown}
Potions
 c - a potion of might {unknown}
 e - a potion of curing {unknown}


   Skills:
 + Level 4.1 Fighting
 + Level 4.0 Long Blades
 + Level 2.5 Armour
 + Level 2.3 Dodging


You had one spell level left.
You didn't know any spells.
Your spell library was empty.

Dungeon Overview and Level Annotations

Branches:
Dungeon (2/15)

Altars:

Annotations:
D:2 Robin


Innate Abilities, Weirdness & Mutations

You have a pair of horns on your head.
You reflexively headbutt those who attack you in melee.


Message History

You barely miss the goblin.
The goblin is severely wounded.
The goblin hits you with a +0 dagger. The goblin hits you but does no damage.
The goblin misses you.
You closely miss the goblin.
The goblin is severely wounded.
The goblin barely misses you. You furiously retaliate!
You headbutt the goblin!
You kill the goblin!
Trog accepts your kill. The goblin closely misses you.
The goblin hits you with a +0 dagger.
You closely miss the goblin. Your headbutt misses the goblin.
The goblin hits you with a +0 dagger. The goblin barely misses you.
You furiously retaliate!
You headbutt the goblin, but do no damage.
The goblin hits you with a +0 dagger.
* * * LOW HITPOINT WARNING * * *
You closely miss the goblin. You headbutt the goblin.
You kill the goblin!
Trog accepts your kill. The goblin closely misses you.
You slash the goblin!
You kill the goblin!
Trog accepts your kill.
The goblin no longer looks unusually strong.
A goblin comes into view. It is wielding a +0 dagger.
The goblin barely misses you. Robin throws the goblin at you!
A hobgoblin comes into view.
Robin roars a battlecry!
The goblin goes into a battle-frenzy!
The goblin hits you with a +1 dagger of electrocution.
* * * LOW HITPOINT WARNING * * *
The goblin hits you but does no damage. Robin completely misses you.
The goblin hits you but does no damage.
Items here: ))) †.
You hit Robin but do no damage.
The hobgoblin no longer looks unusually strong.
The goblin closely misses you. The goblin barely misses you.
You hit Robin but do no damage.
The goblin hits you with a +1 dagger of electrocution.
You die...

###############
##.≈.≈.≈.≈.≈.≈.#
#####.≈...≈...≈...≈. #####
#....≈.≈.≈.≈.≈.≈.≈.≈ .....
#.......≈...≈...≈...
.....!#....≈.≈)≈.≈.≈.≈.≈.≈
......#.....≈.†.≈...≈...≈.
...........≈g≈.≈.≈.≈.≈.≈.≈
.........ggg@g≈...≈...≈...
.........g.≈.≈.≈.≈.≈.≈.≈.≈
≈≈...##.....≈...≈...≈...≈.
#..# #....≈.≈.≈.≈.≈.≈.≈.≈
#. #####...≈...≈...≈... .
#≈.≈.≈.≈.≈.≈.≈.≈
..≈...≈...≈...
....≈.≈.≈.≈.


You could see Robin, 2 hobgoblins and 3 goblins.

Vanquished Creatures
  A ball python (D:2)
  2 bats
  An endoplasm (D:1)
  2 giant cockroaches
  4 goblins
  2 kobolds
  2 rats (D:1)
14 creatures vanquished.

Vanquished Creatures (others)
  5 plants (D:1)
  2 withered plants (D:1)
7 creatures vanquished.

Grand Total: 21 creatures vanquished

Notes
Turn   | Place    | Note
-------+----------+-------------------------------------------
     0 | D:1      | GigaChad the Minotaur Berserker began the quest for the
                  | Orb.
     0 | D:1      | Reached XP level 1. HP: 19/19 MP: 0/0
   226 | D:1      | Found a faded altar of an unknown god.
  1176 | D:2      | Reached XP level 2. HP: 21/27 MP: 1/1
  1335 | D:2      | Noticed Robin
  1351 | D:2      | Slain by a goblin

Illustrated notes

Levels and vault maps discovered:
D:1:      co_arrival_hexagon_in_a_hexagon, layout_basic,
          shapermc_ecumenical_altar_flowoftime, lemuel_flame_loot_1
D:2:      layout_rooms, serial_rivers, chequers_serial_rivers_micro_d,
          chequers_serial_rivers_marsh, chequers_serial_rivers_micro_d,
          chequers_serial_rivers_micro_e, chequers_serial_rivers_micro_e,
          kennysheep_crisscross, uniq_robin

Skill      XL: |  1  2 |
---------------+-------+-----
Long Blades    | 4 |  4.0
Fighting       | 4 |  4.1
Armour         | |  2.5
Dodging        | |  2.3

Action                   || total
-------------------------++-------
Melee: Falchion          ||    55
       Headbutt          ||    12
       Punch             ||     1
Armor: Animal skin       ||     9
Dodge: Dodged            ||    26
